 Dungeon Crawl Stone Soup version 0.28-a0-503-g83f2989fac (webtiles) character file.

Game seed: 18195456254892529622

3393 siradein the Blocker (level 10, 0/80 HPs)
             Began as a Formicid Fighter on Sept 20, 2021.
             Was an Initiate of Gozag.
             Slain by a ynoxinul (5 damage)
             ... summoned by a kobold demonologist
             ... on level 8 of the Dungeon.
             The game lasted 00:34:20 (7982 turns).

siradein the Blocker (Formicid Fighter)             Turns: 7982, Time: 00:34:20

Health: 0/80       AC: 12    Str: 22    XL:     10   Next: 24%
Magic:  0/9        EV: 10    Int:  9    God:    Gozag
Gold:   762        SH:  6    Dex: 11    Spells: 9/9 levels left

rFire   . . .      SeeInvis +   a - +0 long sword
rCold   . . .      Faith    .   c - +0 buckler
rNeg    . . .      Spirit   +   C - +1 ring mail {rPois}
rPois   +          Reflect  .   (helmet unavailable)
rElec   .          Harm     .   (no cloak)
rCorr   .          Rampage  .   y - +2 pair of gloves
Will    +....                   G - +0 pair of boots
Stlth   +.........              i - amulet of guardian spirit
HPRegen 1.23/turn               (no ring)
MPRegen 0.11/turn               (no ring)

@: mighty, gold aura, studying Axes
A: permanent stasis, dig shafts and tunnels, antennae 3, four strong arms, low
mp 1, regeneration 1
a: Dig, Shaft Self, Renounce Religion, Potion Petition, Call Merchant, Bribe
Branch


You were on level 8 of the Dungeon.
You worshipped Gozag.
Gozag was pleased with you.
You visited 2 branches of the dungeon, and saw 9 of its levels.

You collected 1021 gold pieces.
You spent 156 gold pieces at shops.
You paid 103 gold pieces to Gozag.

Inventory:

Hand Weapons
 a - a +0 long sword (weapon)
 t - a +0 arbalest
Missiles
 f - 12 poisoned darts (quivered)
 r - 2 javelins
 u - 44 bolts
Armour
 c - a +0 buckler (worn)
 y - a +2 pair of gloves (worn)
 C - a +1 ring mail of poison resistance (worn)
 G - a +0 pair of boots (worn)
Jewellery
 e - a +6 ring of intelligence
 i - an amulet of guardian spirit (around neck)
 o - an amulet of magic regeneration
Wands
 b - a wand of flame (20)
 D - a wand of paralysis (5)
Scrolls
 g - 3 scrolls of noise {unknown}
 j - 2 scrolls of amnesia
 k - 3 scrolls of enchant armour {unknown}
 l - a scroll of summoning {unknown}
 n - a scroll of fear {unknown}
 q - a scroll of silence {unknown}
 s - a scroll of vulnerability {unknown}
 v - a scroll of magic mapping {unknown}
 w - 3 scrolls of teleportation {unknown}
 x - 2 scrolls of enchant weapon
Potions
 h - 2 potions of brilliance
 m - 3 potions of flight
 p - a potion of mutation
 z - a potion of curing
 A - a potion of ambrosia {unknown}
 B - a potion of berserk rage {unknown}
 E - a potion of heal wounds {unknown}
 F - 2 potions of lignification {unknown}


   Skills:
 + Level 7.6 Fighting
 + Level 6.7 Long Blades
 + Level 5.5 Crossbows
 + Level 7.7 Armour
 + Level 8.4 Shields


You had 9 spell levels left.
You didn't know any spells.
Your spell library contained the following spells:

 Spells                   Type           Power      Damage    Failure   Level
 Portal Projectile        Hex/Tloc       0%         N/A       88%         3
 Blade Hands              Tmut           0%         N/A       100%        5
 Excruciating Wounds      Necr           0%         N/A       100%        5
 Dispersal                Tloc           0%         N/A       100%        6
 Disjunction              Tloc           0%         N/A       100%        8


Dungeon Overview and Level Annotations

Branches:
Dungeon (8/15)             Temple (1/1) D:4
   Lair: D:8-11

Altars:
Cheibriados
Dithmenos
Elyvilon
Fedhas
Gozag
Hepliaklqana
Kikubaaqudgha
Makhleb
Nemelex Xobeh
Okawaru
Qazlal
Sif Muna
Trog
Uskayaw
Vehumet
Wu Jian
Xom
Zin
The Shining One

Shops:
D:4 [

Annotations:
D:6 2 transporters, Dittersdorf's ghost, novice GrFi
D:7 1 runed translucent door, yellowboar's ghost, novice OpEE


Innate Abilities, Weirdness & Mutations

You cannot be hasted, slowed, berserked, paralysed or teleported.
You can dig through walls and to a lower floor.
You have a pair of large antennae on your head. (SInv)
Your four strong arms can wield two-handed weapons with a shield.
Your magical capacity is low. (-10% MP)
Your natural rate of healing is unusually fast.


Message History

You block the kobold demonologist's attack.
The ynoxinul gestures at you. The iron shot hits you!
* * * LOW HITPOINT WARNING * * *
You barely miss the kobold demonologist.
The kobold demonologist is heavily wounded.
The kobold demonologist hits you but does no damage.
You block the ynoxinul's attack.
You barely miss the kobold demonologist.
The kobold demonologist is heavily wounded.
The kobold demonologist hits you but does no damage.
The ynoxinul closely misses you.
You closely miss the kobold demonologist.
The kobold demonologist is heavily wounded.
The kobold demonologist barely misses you.
The crimson imp blinks!
The ynoxinul hits you.
* * * LOW HITPOINT WARNING * * *
You closely miss the kobold demonologist.
The kobold demonologist is heavily wounded.
The kobold demonologist looks braver for a moment.
The crimson imp blinks!
The kobold demonologist hits you but does no damage.
The white imp grins evilly.
You block the ynoxinul's attack.
You slash the kobold demonologist!
The kobold demonologist is almost dead.
The kobold demonologist gestures wildly while chanting.
You block the kobold demonologist's attack.
The ynoxinul hits you.
* * * LOW HITPOINT WARNING * * *
You slash the kobold demonologist!
You kill the kobold demonologist!
The white imp disappears in a puff of smoke!
The crimson imp disappears in a puff of smoke!
The ufetubus is distracted by your dazzling golden aura.
The kobold demonologist casts a cantrip, but nothing happens.
The ufetubus is distracted by your dazzling golden aura.
The ynoxinul hits you.
You die...
Your body crumbles into a pile of gold.

#.$# #..# #<ยง#
{ ####K. ..{KKK
#.##K# #.##$#
#.##@#
###.##3###.##
#....55n.{$...
##.#.##5###..##
####...[##.# #
...........#
.###...##..#
...........#
.####.###.##


You could see a kobold demonologist, a ynoxinul (summoned), a kobold brigand, a
necrophage, 3 ufetubi and 3 kobolds.

Vanquished Creatures
  A kobold demonologist (D:8)
  A yak (D:4)
  The ghost of freelancePsychic the Magician, an amateur DjCj (D:3)
  2 water moccasins
  2 sky beasts
  2 orc warriors
  2 black bears
  An ice beast (D:7)
  A necrophage (D:4)
  4 ogres
  A centaur (D:5)
  A phantom (D:4)
  A kobold brigand (D:7)
  A wyvern zombie (D:6)
  5 scorpions
  A water moccasin zombie (D:5)
  11 killer bees (D:7)
  2 howler monkeys (D:8)
  3 hounds (D:4)
  A centaur skeleton (D:7)
  2 bullfrog skeletons
  A jelly (D:7)
  An orc priest (D:7)
  Ijyb (D:4)
  2 iguanas (D:4)
  2 orc wizards
  A scorpion zombie (D:5)
  A killer bee zombie (D:5)
  A hound skeleton (D:4)
  A howler monkey zombie (D:7)
  12 adders
  4 gnolls (D:3)
  A white imp (D:5)
  2 ufetubi
  An adder skeleton (D:3)
  A worm (D:3)
  12 orcs
  3 endoplasms
  3 giant cockroaches
  6 goblins
  8 hobgoblins
  7 jackals
  10 kobolds
  3 quokkas
  6 ball pythons
  9 bats
  2 frilled lizards (D:2)
  3 rats
150 creatures vanquished.

Vanquished Creatures (others)
  A dart slug (D:3)
  6 toadstools (D:2)
7 creatures vanquished.

Grand Total: 157 creatures vanquished

Notes
Turn   | Place    | Note
-------+----------+-------------------------------------------
     0 | D:1      | siradein the Formicid Fighter began the quest for the Orb.
     0 | D:1      | Reached XP level 1. HP: 18/18 MP: 1/1
   208 | D:1      | Reached XP level 2. HP: 24/24 MP: 2/2
   606 | D:1      | Reached XP level 3. HP: 23/29 MP: 3/3
   609 | D:1      | Reached skill level 4 in Shields
  1443 | D:2      | Found a faded altar of an unknown god.
  1686 | D:3      | Reached XP level 4. HP: 32/37 MP: 4/4
  1731 | D:3      | Found a runed translucent gate.
  1744 | D:3      | Found a runed translucent gate.
  1744 | D:3      | Found a runed translucent gate.
  1745 | D:3      | Found an opulent altar of Gozag.
  1746 | D:3      | Noticed freelancePsychic's ghost (amateur DjCj)
  2163 | D:3      | Reached XP level 5. HP: 39/42 MP: 5/5
  2914 | D:4      | Noticed Ijyb
  2933 | D:4      | Killed Ijyb
  3278 | D:4      | Reached XP level 6. HP: 47/49 MP: 6/6
  3770 | D:4      | Found Caubb's Armour Shoppe.
  3882 | D:4      | Reached skill level 5 in Shields
  3982 | D:4      | Found a staircase to the Ecumenical Temple.
  3992 | Temple   | Entered the Ecumenical Temple
  4241 | Temple   | Became a worshipper of Gozag Ym Sagoz the Greedy
  4397 | D:4      | Reached skill level 1 in Crossbows
  4868 | D:4      | Gained mutation: Your natural rate of healing is unusually
                  | fast. [potion of mutation]
  4868 | D:4      | Gained mutation: Your magical capacity is low. (-10% MP)
                  | [potion of mutation]
  4895 | D:5      | Entered Level 5 of the Dungeon
  4951 | D:4      | Reached XP level 7. HP: 55/55 MP: 6/6
  4997 | D:4      | Reached skill level 5 in Fighting
  4997 | D:4      | Reached skill level 5 in Armour
  5101 | D:5      | Noticed a yak
  5101 | D:5      | Found a bloodstained altar of Trog.
  5121 | D:4      | Killed a yak
  5122 | D:4      | Reached XP level 8. HP: 49/62 MP: 7/7
  5176 | D:4      | Reached skill level 6 in Shields
  5881 | D:4      | Reached skill level 5 in Long Blades
  5970 | D:3      | Killed freelancePsychic's ghost
  6095 | D:4      | Bought a +1 ring mail of poison resistance for 156 gold
                  | pieces
  6180 | D:5      | Reached XP level 9. HP: 58/69 MP: 5/8
  6310 | D:5      | Reached skill level 7 in Shields
  6362 | D:6      | Found a transporter.
  6362 | D:6      | Noticed Dittersdorf's ghost (novice GrFi)
  6381 | D:6      | Found a transporter.
  6626 | D:6      | Found a stormy altar of Qazlal.
  6626 | D:6      | Found a faded altar of an unknown god.
  6634 | D:6      | Found a faded altar of an unknown god.
  6636 | D:6      | Found an ancient bone altar of Kikubaaqudgha.
  6638 | D:6      | Found a shimmering blue altar of Sif Muna.
  7245 | D:6      | Reached skill level 5 in Crossbows
  7245 | D:6      | Reached skill level 8 in Shields
  7245 | D:6      | Reached XP level 10. HP: 54/79 MP: 5/9
  7592 | D:7      | Found a runed translucent door.
  7657 | D:7      | Noticed yellowboar's ghost (novice OpEE)
  7954 | D:8      | Noticed a kobold demonologist
  7955 | D:8      | Noticed a kobold demonologist
  7961 | D:8      | Noticed a rust devil
  7976 | D:8      | HP: 3/80 [ynoxinul/iron shot[a kobold demonologist] (6)]
  7981 | D:8      | HP: 4/80 [ynoxinul[a kobold demonologist] (4)]
  7982 | D:8      | Killed a kobold demonologist
  7982 | D:8      | Slain by a ynoxinul

Illustrated notes

Levels and vault maps discovered:
D:1:      saegor_arrival_miasma, layout_loops_ring, minivault_25,
          minmay_small_reverse_x
D:2:      layout_rooms, hellmonk_ecumenical_altar_arch_garden,
          serial_bayou_pond_d, minmay_gold_behind_fungi
D:3:      layout_rooms, ebering_ghost_gozag
D:4:      layout_gridville, minmay_temple_entry_hall, serial_shops, shop,
          kennysheep_decorative_pillar, uniq_ijyb
D:5:      layout_cave_pools, mainiacjoe_overflow_tiny_flanked,
          minmay_manual_moon
D:6:      layout_rooms, chequers_temple_overflow_minitemple,
          gammafunk_ghost_smash
D:7:      layout_loops_ring, gammafunk_ghost_grave, minivault_24
D:8:      layout_loops_ring, serial_shops, nicolae_take_the_stairs
Temple:   regret_index_temple_generic_petals

Skill      XL: |  1  2  3  4  5  6  7  8  9 |
---------------+----------------------------+-----
Shields        | 4 5 6 8 |  8.4
Fighting       | 4 5 6 7 |  7.6
Armour         | 4 5 6 7 |  7.7
Long Blades    | 3 4 5 6 |  6.7
Crossbows      | 1 2 3 5 |  5.5

Action                   |  1- 3 |  4- 6 |  7- 9 | 10-12 || total
-------------------------+-------+-------+-------+-------++-------
Melee: Long sword        |   103 |   225 |   366 |   148 ||   842
 Fire: Arbalest          |       |       |     7 |       ||     7
  Use: Potion            |       |     2 |       |     1 ||     3
       Scroll            |       |     4 |     1 |       ||     5
Armor: Scale mail        |    55 |    24 |       |       ||    79
       Chain mail        |       |   132 |    98 |       ||   230
       Ring mail         |       |       |    75 |    75 ||   150
Dodge: Dodged            |    55 |   123 |   194 |    56 ||   428
Block: Buckler           |    30 |    73 |   104 |    45 ||   252

Table legend: (Time is in decaauts)
 A = Elapsed time spent in this place.
 B = Non-inter-level travel time spent in this place.
 C = Inter-level travel time spent in this place.
 D = Time resting spent in this place.
 E = Time spent auto-exploring this place.
 F = Levels seen in this place.
 G = Mean time per level.
                   A        B        C        D        E       F      G
               +--------+--------+--------+--------+--------+-----+--------+
         Total |   8155 |   7783 |    372 |    574 |   4988 |   9 |  906.1 |
       Dungeon |   7863 |   7517 |    346 |    574 |   4775 |   8 |  982.9 |
        Temple |    291 |    265 |     26 |      0 |    213 |   1 |  291.0 |
               +--------+--------+--------+--------+--------+-----+--------+

Top non-repeatable levels by time:
     D:4: 1823 daAuts
     D:3: 1474 daAuts
     D:1: 1069 daAuts
     D:7: 1025 daAuts
     D:2: 913 daAuts
     D:5: 822 daAuts
     D:6: 661 daAuts
  Temple: 291 daAuts
     D:8: 72 daAuts
